[Event "Titled Tuesday Blitz November 07 Early 2023"]
[White "Mazurkiewicz, Michal"]
[Black "Balla, Tamas-Kristof"]
[WhiteFideId "1124943"]
[BlackFideId "1208497"]
[WhiteElo "2455"]
[BlackElo "2319"]
[Result "0-1"]
[Round "8"]
[TimeControl "180+1"]
[Date "2023.11.07"]
[WhiteClock "0:00:00"]
[BlackClock "0:00:15"]
[Board "130"]

1. e4 c5 2. Nf3 Nc6 3. g3 e6 4. d3 d5 5. Nbd2 g6 6. Bg2 Bg7 7. O-O Nge7 8. Re1 O-O 9. e5 Qc7 10. Qe2 b5 11. a4 b4 12. b3 Ba6 13. h4 h5 14. Nf1 Nf5 15. Bf4 Ncd4 16. Nxd4 Nxd4 17. Qd2 Rfd8 18. Nh2 Rac8 19. g4 c4 20. Bh6 cxd3 21. Bxg7 Kxg7 22. cxd3 Nxb3 23. Qg5 Nxa1 24. gxh5 Rh8 25. Qf6+ Kg8 26. hxg6 Nc2 27. Rc1 b3 28. Ng4 b2 29. Rb1 Bxd3 30. g7 Rh7 31. Qg5 Rxg7 32. Nf6+ Kf8 33. Qh6 Qxe5 34. Qh8+ Ke7 35. Qxg7 Qxf6 36. Qxf6+ Kxf6 37. Rxb2 Nd4 38. Rb7 Rc1+ 39. Kh2 Be4 40. Bxe4 dxe4 41. Rxa7 Rc2 42. Kg3 Nf5+ 43. Kf4 Rxf2+ 44. Kxe4 Rh2 45. a5 Rxh4+ 46. Kf3 Ra4 47. a6 Nd6 48. Ra8 Nb5 49. Ke3 e5 50. Kd3 Nc7 51. Ra7 Nxa6 52. Kc3 e4 53. Kd2 Ra3 54. Ke2 e3 55. Kf3 Kg6 56. Ke2 f6 57. Kf3 Kf5 58. Ke2 Kf4 59. Rf7 f5 60. Ra7 Ra2+ 61. Kf1 Nb4 62. Rb7 Nd3 63. Rb1 Kf3 64. Kg1 e2 65. Kh1 e1=Q+ 66. Rxe1 Nxe1 0-1


[Site "https://www.chess.com"]

[Event "Titled Tuesday Blitz November 07 Early 2023"]
[White "Shishkov, Andrei"]
[Black "De Souza, Cristiano Gomes"]
[WhiteFideId "4500563"]
[BlackFideId "2151758"]
[WhiteElo "2453"]
[BlackElo "2296"]
[Result "1-0"]
[Round "8"]
[TimeControl "180+1"]
[Date "2023.11.07"]
[WhiteClock "0:01:13"]
[BlackClock "0:00:52"]
[Board "131"]

1. d4 Nf6 2. c4 g6 3. f3 d6 4. e4 Nc6 5. Be3 Bg7 6. Nc3 a6 7. Qd2 O-O 8. O-O-O Rb8 9. h4 h5 10. g4 e5 11. dxe5 dxe5 12. Qxd8 Rxd8 13. Rxd8+ Nxd8 14. g5 Ne8 15. Nd5 Be6 16. Ne2 c6 17. Nb6 Nd6 18. Nc3 f6 19. b3 N8f7 20. c5 Nb5 21. Nxb5 axb5 22. gxf6 Bxf6 23. Bh3 Nd8 24. Bxe6+ Nxe6 25. Nd7 Rd8 26. Nxf6+ Kg7 27. Bg5 Rd3 28. Rd1 Rxf3 29. Rd7+ 1-0


[Site "https://www.chess.com"]

[Event "Titled Tuesday Blitz November 07 Early 2023"]
[White "Kanyamarala, Tarun"]
[Black "Modric, Nesa"]
[WhiteFideId "45004714"]
[BlackFideId "922579"]
[WhiteElo "2437"]
[BlackElo "2177"]
[Result "1-0"]
[Round "8"]
[TimeControl "180+1"]
[Date "2023.11.07"]
[WhiteClock "0:00:13"]
[BlackClock "0:00:00"]
[Board "132"]

1. d4 Nf6 2. Nf3 d5 3. Bf4 c5 4. e3 Nc6 5. Nbd2 cxd4 6. exd4 Bf5 7. Bb5 a6 8. Bxc6+ bxc6 9. c4 e6 10. c5 Be7 11. O-O O-O 12. h3 Ne4 13. Ne5 Rc8 14. Qa4 Nxd2 15. Bxd2 Qe8 16. Qxa6 f6 17. Ng4 e5 18. Bc3 e4 19. Ne3 Bd7 20. f4 f5 21. Qe2 Bf6 22. b4 Rb8 23. a4 Kh8 24. Ra2 Rg8 25. Qd1 Qf7 26. Rb2 g5 27. fxg5 Bxg5 28. Ng4 f4 29. Ne5 Qe8 30. Re2 Bxh3 31. gxh3 f3 32. Rxe4 dxe4 33. Kh1 Bf6 34. Ng4 Rxg4 35. hxg4 Qg6 36. Qd2 Qxg4 37. Qh2 Rg8 38. Rg1 Qxg1+ 39. Qxg1 Rxg1+ 40. Kxg1 e3 41. b5 Bh4 42. bxc6 e2 43. c7 f2+ 44. Kh2 f1=N+ 45. Kg2 1-0


[Site "https://www.chess.com"]

[Event "Titled Tuesday Blitz November 07 Early 2023"]
[White "missponyo10"]
[Black "Azali, Tannaz"]
[BlackFideId "12537721"]
[WhiteElo "2048"]
[BlackElo "2437"]
[Result "1/2-1/2"]
[Round "8"]
[TimeControl "180+1"]
[Date "2023.11.07"]
[WhiteClock "0:00:05"]
[BlackClock "0:00:12"]
[Board "133"]

1. e4 c5 2. Nf3 e6 3. d3 Nc6 4. Nbd2 Nf6 5. g3 d5 6. Bg2 Be7 7. O-O O-O 8. e5 Nd7 9. Re1 b5 10. Nf1 Bb7 11. h4 Qb6 12. N1h2 Rfc8 13. Ng4 Bf8 14. c3 a5 15. h5 h6 16. Nh4 Qd8 17. f4 Ne7 18. Ne3 Rab8 19. d4 cxd4 20. cxd4 f5 21. exf6 Nxf6 22. Ng4 Nf5 23. Nxf5 exf5 24. Ne5 Ne4 25. Qf3 Bb4 26. Rf1 Rc2 27. Bh3 Bc8 28. Qb3 Rc7 29. Bg2 Be6 30. Bxe4 fxe4 31. f5 Bf7 32. f6 Bxh5 33. fxg7 Rxg7 34. Bf4 Rbb7 35. Nc6 Qd7 36. Ne5 Qe6 37. Rac1 Bd6 38. Rc6 Be2 39. Rfc1 Bc4 40. Qe3 Qe7 41. Rxd6 Qxd6 42. Nxc4 Qe6 43. Nd6 Rb8 44. Bxh6 Rg6 45. Bf4 Rf8 46. Rc7 Qg4 47. Qb3 Qxf4 48. Qxd5+ Kh8 49. Qh5+ Qh6 50. Nf7+ Rxf7 51. Qxh6+ Rxh6 52. Rxf7 Rd6 53. Re7 Rxd4 54. Kf2 Kg8 55. Ke3 Rb4 56. b3 a4 57. Rxe4 axb3 58. axb3 Rxb3+ 59. Kf4 Kg7 60. Re7+ Kg6 61. Rb7 Rb4+ 62. Kf3 Rb3+ 63. Kf4 Rb4+ 64. Kf3 Rb3+ 65. Kf4 1/2-1/2


[Site "https://www.chess.com"]

[Event "Titled Tuesday Blitz November 07 Early 2023"]
[White "Ionescu, Mihai"]
[Black "Dahlgren, James Allen"]
[WhiteFideId "1202499"]
[BlackFideId "22256873"]
[WhiteElo "2449"]
[BlackElo "2130"]
[Result "1-0"]
[Round "8"]
[TimeControl "180+1"]
[Date "2023.11.07"]
[WhiteClock "0:02:14"]
[BlackClock "0:02:19"]
[Board "134"]

1. Nf3 e6 2. d4 c5 3. c4 cxd4 4. Nxd4 Nc6 5. g3 Nf6 6. Bg2 Bb4+ 7. Nc3 O-O 8. O-O Bxc3 9. bxc3 a6 10. Nxc6 dxc6 11. Ba3 Qxd1 12. Rfxd1 Re8 13. Rab1 Bd7 14. Rxb7 Rab8 15. Rdxd7 Rxb7 16. Rxb7 1-0


[Site "https://www.chess.com"]

[Event "Titled Tuesday Blitz November 07 Early 2023"]
[White "Goh, Zi Han"]
[Black "Boraso, Alessio"]
[WhiteFideId "5819156"]
[BlackFideId "848077"]
[WhiteElo "2326"]
[BlackElo "2436"]
[Result "1-0"]
[Round "8"]
[TimeControl "180+1"]
[Date "2023.11.07"]
[WhiteClock "0:00:24"]
[BlackClock "0:00:00"]
[Board "135"]

1. d4 b5 2. a4 b4 3. e4 e6 4. Nd2 Nf6 5. Bd3 c5 6. Ngf3 Bb7 7. O-O Be7 8. Re1 d6 9. e5 Nd5 10. Nc4 dxe5 11. dxe5 Nc6 12. a5 Rc8 13. Qe2 g5 14. Bxg5 Rg8 15. Nd6+ Qxd6 16. exd6 Bxg5 17. a6 Ba8 18. Nxg5 Rxg5 19. h4 Rxg2+ 20. Kxg2 Nf4+ 21. Kh2 Nxe2 22. Rxe2 Nd4 23. Re3 Kd7 24. c3 Nf3+ 25. Kg3 Rg8+ 26. Kf4 Nxh4 27. Rg3 Ng2+ 28. Ke5 Rxg3 29. fxg3 Ne3 30. Bb5+ Bc6 31. Bxc6+ Kxc6 32. Rh1 h6 33. Kf6 Kxd6 34. Kxf7 Nf5 35. g4 Ne3 36. Rxh6 bxc3 37. Rxe6+ Kd5 38. Rxe3 cxb2 39. Rb3 Kc4 40. Rxb2 Kc3 41. Rb8 c4 42. Rc8 Kb4 43. g5 Kb5 44. g6 1-0


[Site "https://www.chess.com"]

[Event "Titled Tuesday Blitz November 07 Early 2023"]
[White "Herman, Daniel"]
[Black "Fernandez Siles, Luis"]
[WhiteFideId "30935008"]
[BlackFideId "2209420"]
[WhiteElo "2427"]
[BlackElo "2323"]
[Result "1-0"]
[Round "8"]
[TimeControl "180+1"]
[Date "2023.11.07"]
[WhiteClock "0:00:11"]
[BlackClock "0:00:00"]
[Board "136"]

1. Nf3 d6 2. e4 c5 3. Bb5+ Nd7 4. d4 cxd4 5. Qxd4 e5 6. Qd3 a6 7. Bxd7+ Bxd7 8. Nc3 h6 9. Nd2 Bc6 10. Nc4 b5 11. Ne3 Nf6 12. O-O Be7 13. Nf5 g6 14. Ng3 b4 15. Nd5 Nxd5 16. exd5 Bb5 17. Qe4 Bxf1 18. Nxf1 Bg5 19. f4 Bf6 20. fxe5 Bxe5 21. Bf4 Qb6+ 22. Kh1 O-O 23. Bxh6 Bxb2 24. Rb1 Bg7 25. Bxg7 Kxg7 26. Ng3 a5 27. Qg4 Rh8 28. h3 Rae8 29. Qg5 Re5 30. Qg4 Qe3 31. Rf1 f5 32. Nxf5+ Rxf5 33. Rxf5 1-0


[Site "https://www.chess.com"]

[Event "Titled Tuesday Blitz November 07 Early 2023"]
[White "Shapiro, Daniel"]
[Black "Bashirli, Saadat"]
[WhiteFideId "2001780"]
[BlackFideId "13429990"]
[WhiteElo "2322"]
[BlackElo "2414"]
[Result "0-1"]
[Round "8"]
[TimeControl "180+1"]
[Date "2023.11.07"]
[WhiteClock "0:00:03"]
[BlackClock "0:00:19"]
[Board "137"]

1. d4 d5 2. c4 e6 3. Nf3 c6 4. Qc2 Nf6 5. g3 Bd6 6. Bg2 Nbd7 7. Nbd2 O-O 8. O-O Qe7 9. b3 b6 10. Bb2 Bb7 11. Rfe1 Rac8 12. Rad1 Bb8 13. e4 dxe4 14. Ng5 c5 15. Ndxe4 Nxe4 16. Bxe4 Qxg5 17. Bxb7 Rcd8 18. Qd2 Qxd2 19. Rxd2 cxd4 20. Rxd4 Be5 21. Rxe5 Nxe5 22. Rxd8 Rxd8 23. Bxe5 Rd2 24. b4 Rc2 25. Ba6 Rxa2 26. Bb5 a6 27. Bd7 Rc2 28. Bc8 Rxc4 29. Bxa6 Rxb4 30. Kf1 f6 31. Bc3 Rb1+ 32. Ke2 b5 33. Kd2 b4 34. Bd4 Kf7 35. h4 e5 36. Bc4+ Ke7 37. Bc5+ Ke8 38. Bd3 Rb2+ 39. Kc1 Rb3 40. Bb5+ Kd8 41. Bf8 g6 42. Be2 Ke8 43. Bc5 Rc3+ 44. Kb2 Rxc5 45. Kb3 Rc3+ 46. Kxb4 Rc2 47. Bh5 0-1


[Site "https://www.chess.com"]

[Event "Titled Tuesday Blitz November 07 Early 2023"]
[White "Marcziter, Dmitrii"]
[Black "Tharushi, T H D Niklesha"]
[WhiteFideId "13900765"]
[BlackFideId "9918264"]
[WhiteElo "2392"]
[BlackElo "2275"]
[Result "0-1"]
[Round "8"]
[TimeControl "180+1"]
[Date "2023.11.07"]
[WhiteClock "0:00:00"]
[BlackClock "0:00:18"]
[Board "139"]

1. d4 Nf6 2. c4 e6 3. Nf3 Bb4+ 4. Nbd2 Qe7 5. a3 Bxd2+ 6. Bxd2 d6 7. Bg5 h6 8. Bh4 g5 9. Bg3 Ne4 10. Qc2 f5 11. e3 Nd7 12. Nd2 Ndf6 13. f3 Nxg3 14. hxg3 e5 15. d5 e4 16. f4 Ng4 17. Qc3 Rg8 18. Be2 gxf4 19. gxf4 Bd7 20. Bxg4 Rxg4 21. O-O-O O-O-O 22. Rxh6 Rxg2 23. Rdh1 Qg7 24. Qxg7 Rxg7 25. Rh8 c6 26. Rxd8+ Kxd8 27. Nb3 Rg3 28. Kd2 Rg2+ 29. Kc3 Re2 30. Rh3 c5 31. Nc1 Rg2 32. b4 b6 33. bxc5 bxc5 34. Nb3 Rg1 35. Na5 Kc7 36. Rh7 Rg3 37. Kd2 Rg2+ 38. Kd1 Ra2 39. Nc6 Rb2 40. Nxa7 Rb7 41. Nb5+ Kb6 42. Nxd6 Ba4+ 43. Kd2 Rxh7 44. Nxf5 Rh2+ 45. Ke1 Bc2 46. Ne7 Bd3 47. d6 Bxc4 48. d7 Kc7 49. f5 Kxd7 50. f6 Re2+ 51. Kd1 Rf2 52. Ng6 Ke6 0-1


[Site "https://www.chess.com"]

[Event "Titled Tuesday Blitz November 07 Early 2023"]
[White "TheAlienParty"]
[Black "FuenfgegenWilly"]
[WhiteElo "2246"]
[BlackElo "2383"]
[Result "0-1"]
[Round "8"]
[TimeControl "180+1"]
[Date "2023.11.07"]
[WhiteClock "0:01:08"]
[BlackClock "0:00:46"]
[Board "140"]

1. c4 Nf6 2. Nc3 e5 3. Nf3 Nc6 4. e4 Bc5 5. Nxe5 Qe7 6. Nxc6 dxc6 7. d3 Be6 8. Be2 O-O-O 9. Qa4 Ng4 10. Bxg4 Bxg4 11. h3 Bh5 12. Qc2 Qd7 13. g4 Bg6 14. f4 f6 15. f5 Bf7 16. Bd2 Qxd3 17. Qxd3 Rxd3 18. b3 Bb4 19. Nb1 Bd6 20. Ke2 Rg3 21. Be3 Be5 22. Nd2 Bxa1 23. Rxa1 Rxh3 24. Kf2 Rd8 25. Nf3 h5 26. g5 h4 27. g6 Be8 28. Bf4 Rd3 29. Be3 c5 30. Ne1 Rdxe3 31. Ng2 Ref3+ 32. Kg1 Bc6 33. Re1 Rhg3 34. Kh2 Rf2 0-1


[Site "https://www.chess.com"]

[Event "Titled Tuesday Blitz November 07 Early 2023"]
[White "Feliz Dotel, Dewar Bienvenido"]
[Black "EvgenyBurmakin"]
[WhiteFideId "6402801"]
[WhiteElo "2145"]
[BlackElo "2367"]
[Result "1-0"]
[Round "8"]
[TimeControl "180+1"]
[Date "2023.11.07"]
[WhiteClock "0:01:34"]
[BlackClock "0:00:04"]
[Board "142"]

1. d4 Nf6 2. e3 g6 3. Nf3 Bg7 4. Be2 O-O 5. b4 d5 6. Bb2 a5 7. a3 Bf5 8. O-O Ne4 9. c4 dxc4 10. Bxc4 axb4 11. axb4 Rxa1 12. Bxa1 Nc6 13. b5 Na5 14. Bd3 Qd5 15. Qc2 c6 16. bxc6 Nxc6 17. Nc3 Nxc3 18. Bxc3 Bxd3 19. Qxd3 e6 20. h3 Rd8 21. Rb1 Rd7 22. Qb5 Qe4 23. Nd2 Qc2 24. Qb3 Qd3 25. Qc4 Qc2 26. Qb3 Qd3 27. Nf3 h6 28. Be1 e5 29. Qxd3 1-0


[Site "https://www.chess.com"]

[Event "Titled Tuesday Blitz November 07 Early 2023"]
[White "Mirza, Diana"]
[Black "Mejia, Cherry Ann"]
[WhiteFideId "2503999"]
[BlackFideId "5206880"]
[WhiteElo "1986"]
[BlackElo "2367"]
[Result "1/2-1/2"]
[Round "8"]
[TimeControl "180+1"]
[Date "2023.11.07"]
[WhiteClock "0:00:12"]
[BlackClock "0:00:14"]
[Board "143"]

1. e4 c5 2. Nf3 Nc6 3. d4 cxd4 4. Nxd4 Qb6 5. Nxc6 bxc6 6. Bd3 Nf6 7. O-O e5 8. Nc3 Bb4 9. Be3 Qc7 10. Ne2 O-O 11. c3 Be7 12. Ng3 d5 13. exd5 cxd5 14. Bf5 Be6 15. Bg5 Qb6 16. Rb1 h6 17. Be3 Bc5 18. Bxc5 Qxc5 19. Bxe6 fxe6 20. Nh5 Nxh5 21. Qxh5 Rf5 22. Qg6 Rf6 23. Qg3 e4 24. b4 Qb6 25. a4 Raf8 26. a5 Qc6 27. Rbd1 Rf4 28. Qe3 a6 29. Qb6 Qxb6 30. axb6 Rb8 31. g3 Rf3 32. c4 Rxb6 33. cxd5 exd5 34. Rxd5 Rxb4 35. Ra5 Rb6 36. Rfa1 Rbf6 37. R1a2 Kf7 38. Rxa6 Rxa6 39. Rxa6 e3 40. Ra7+ Kg6 41. Ra6+ Kf5 42. fxe3 Rxe3 43. Kg2 Rb3 44. Kh3 h5 45. Ra5+ Kg6 46. Kh4 Rb2 47. h3 Rb4+ 48. g4 hxg4 49. hxg4 Kf6 50. Rf5+ Kg6 51. Rg5+ Kh6 52. Rh5+ Kg6 53. Rg5+ Kf7 54. Rf5+ Ke6 55. Kg5 Ke7 56. Re5+ Kf7 57. Rf5+ Kg8 58. Rd5 Kf7 59. Rf5+ Kg8 60. Rd5 Kh7 61. Kh5 Rb1 62. Kg5 Ra1 63. Rf5 Ra7 64. Re5 Rb7 65. Rd5 Rf7 66. Re5 Rf6 67. Rd5 Rg6+ 68. Kf5 Kh6 69. Kf4 Ra6 70. Rh5+ Kg6 71. Rg5+ Kf6 72. Rf5+ Ke6 73. Re5+ Kf7 74. Rf5+ Kg8 75. Rd5 Rf6+ 76. Rf5 Ra6 77. Rd5 Kh7 78. Ke5 Kg6 79. Kf4 Rf6+ 80. Kg3 Ra6 81. Kh4 Ra1 82. Rg5+ Kh7 83. Rd5 Kh6 84. Rh5+ Kg6 85. Re5 Kf6 86. Rf5+ Ke6 87. Rg5 Kf7 88. Rf5+ Kg8 89. Re5 Rh1+ 90. Kg5 Kh7 91. Re7 Rh6 92. Re5 Rg6+ 93. Kh5 Rh6+ 94. Kg5 Ra6 95. Kh5 Ra1 96. Kg5 Ra6 97. Rd5 Rb6 98. Rf5 Rg6+ 99. Kh5 1/2-1/2


[Site "https://www.chess.com"]

[Event "Titled Tuesday Blitz November 07 Early 2023"]
[White "Djordjevic, Dejan N"]
[Black "KorolDimitriy75"]
[WhiteFideId "913316"]
[WhiteElo "2087"]
[BlackElo "2344"]
[Result "0-1"]
[Round "8"]
[TimeControl "180+1"]
[Date "2023.11.07"]
[WhiteClock "0:00:23"]
[BlackClock "0:00:07"]
[Board "144"]

1. e4 c5 2. Nc3 g6 3. g3 Bg7 4. Bg2 Nc6 5. Nge2 d6 6. O-O e5 7. h3 Nge7 8. d3 O-O 9. f4 f5 10. Be3 Nd4 11. Qd2 Be6 12. a3 Qd7 13. Kh2 Rae8 14. Rae1 b6 15. Nc1 d5 16. fxe5 dxe4 17. dxe4 Bxe5 18. Nd3 Bg7 19. Rf2 fxe4 20. Nxe4 Nd5 21. Bh6 Rxf2 22. Ndxf2 Bxh6 23. Qxh6 Nxc2 24. Re2 Nd4 25. Rd2 Bf5 26. Ng5 Nf6 27. b4 Qg7 28. Qh4 h6 29. Nf3 g5 30. Nxd4 gxh4 31. Nxf5 Qg5 0-1


[Site "https://www.chess.com"]

[Event "Titled Tuesday Blitz November 07 Early 2023"]
[White "Kohler, Aran"]
[Black "Estrada Nieto, Julian"]
[WhiteFideId "1002856"]
[BlackFideId "5101018"]
[WhiteElo "2284"]
[BlackElo "2466"]
[Result "1-0"]
[Round "8"]
[TimeControl "180+1"]
[Date "2023.11.07"]
[WhiteClock "0:00:32"]
[BlackClock "0:00:12"]
[Board "145"]

1. d4 Nf6 2. c3 d5 3. Bg5 Ne4 4. h4 h6 5. Bf4 e6 6. Nd2 Bd6 7. Nxe4 dxe4 8. Bxd6 cxd6 9. e3 d5 10. f3 exf3 11. Nxf3 Nd7 12. Bd3 Qb6 13. Qe2 O-O 14. O-O-O Re8 15. e4 dxe4 16. Qxe4 Nf6 17. Qf4 Bd7 18. Ne5 Bb5 19. Bc2 Qc7 20. g4 Nd5 21. Qe4 Nf6 22. Qg2 Bc6 23. Nxc6 Qxc6 24. Qxc6 bxc6 25. g5 Ng4 26. Rd2 h5 27. Bd1 e5 28. Bxg4 hxg4 29. dxe5 Rxe5 30. Rg1 Re4 31. Rdg2 Rae8 32. Rxg4 Re2 33. R1g2 Re1+ 34. Kc2 g6 35. a4 a5 36. Rc4 R8e6 37. Rd2 Rh1 38. Rd8+ Kg7 39. Rc5 Rxh4 40. Rxa5 Rh2+ 41. Kb3 Ree2 42. Raa8 Rxb2+ 43. Kc4 Rh4+ 44. Kc5 f6 45. Rd7# 1-0


[Site "https://www.chess.com"]

[Event "Titled Tuesday Blitz November 07 Early 2023"]
[White "Belanoff, Ted"]
[Black "Buchenau, Frank"]
[WhiteFideId "2070588"]
[BlackFideId "4604350"]
[WhiteElo "2282"]
[BlackElo "2465"]
[Result "1-0"]
[Round "8"]
[TimeControl "180+1"]
[Date "2023.11.07"]
[WhiteClock "0:01:21"]
[BlackClock "0:00:46"]
[Board "146"]

1. b4 d5 2. Bb2 Bg4 3. Nf3 Bxf3 4. exf3 Nf6 5. c4 dxc4 6. Bxc4 e6 7. O-O Be7 8. a3 O-O 9. Nc3 Nbd7 10. d4 Nb6 11. Bb3 a5 12. b5 Qd7 13. a4 Rfd8 14. Ne4 c6 15. Qe2 cxb5 16. axb5 a4 17. Bc2 a3 18. Bc3 Nfd5 19. Bd2 Rdc8 20. Bb1 Rc4 21. Qd3 Qxb5 22. Nc3 1-0


[Site "https://www.chess.com"]

[Event "Titled Tuesday Blitz November 07 Early 2023"]
[White "Martin, Lewis"]
[Black "Novikova, Galina"]
[WhiteFideId "410551"]
[BlackFideId "4157095"]
[WhiteElo "2282"]
[BlackElo "2416"]
[Result "0-1"]
[Round "8"]
[TimeControl "180+1"]
[Date "2023.11.07"]
[WhiteClock "0:01:09"]
[BlackClock "0:02:04"]
[Board "147"]

1. c4 e6 2. g3 d5 3. Bg2 c6 4. Nf3 Nf6 5. b3 Be7 6. Bb2 O-O 7. O-O a5 8. d4 Nbd7 9. Nbd2 Ne4 10. Nxe4 dxe4 11. Ne5 f5 12. f3 exf3 13. Nxf3 a4 14. Qd2 a3 15. Bc3 Bf6 16. Rae1 Qc7 17. e4 c5 18. exf5 exf5 19. d5 Bxc3 20. Qxc3 Nf6 21. Ng5 h6 22. Ne6 Bxe6 23. Rxe6 Ne4 24. Bxe4 fxe4 25. d6 Rxf1+ 26. Kxf1 Qf7+ 0-1


[Site "https://www.chess.com"]

[Event "Titled Tuesday Blitz November 07 Early 2023"]
[White "Kuchava, Ana"]
[Black "Musalov, Ruslan"]
[WhiteFideId "13605348"]
[BlackFideId "4141490"]
[WhiteElo "2250"]
[BlackElo "2400"]
[Result "0-1"]
[Round "8"]
[TimeControl "180+1"]
[Date "2023.11.07"]
[WhiteClock "0:00:00"]
[BlackClock "0:01:20"]
[Board "148"]

1. d4 Nf6 2. Nf3 g6 3. c4 Bg7 4. Nc3 O-O 5. e4 d6 6. Be2 e5 7. O-O Nc6 8. Be3 exd4 9. Nxd4 Re8 10. f3 Nxd4 11. Bxd4 c6 12. Qd2 Be6 13. Rad1 Nd7 14. Bxg7 Kxg7 15. Qxd6 Qb6+ 16. Qd4+ Qxd4+ 17. Rxd4 Ne5 18. b3 Rad8 19. Rfd1 Rxd4 20. Rxd4 g5 21. Kf2 Kf6 22. Ke3 Ke7 23. g3 f6 24. f4 gxf4+ 25. gxf4 Nd7 26. Bh5 Rd8 27. Rd2 a5 28. Rg2 Kf8 29. Rd2 Ke7 30. Ne2 a4 31. Nd4 axb3 32. axb3 Nc5 33. Nxe6 Rxd2 34. Nxc5 Rxh2 35. Bg4 h5 36. Bf5 b6 37. Nd7 Rb2 38. Nxb6 Rxb3+ 39. Kf2 Rxb6 40. Bg6 h4 41. Kg2 Rb4 42. c5 Rb3 43. Bf5 Rc3 0-1


[Site "https://www.chess.com"]

[Event "Titled Tuesday Blitz November 07 Early 2023"]
[White "Begunov, Konstantin"]
[Black "LionKing2367890"]
[WhiteFideId "4118510"]
[WhiteElo "2390"]
[BlackElo "2248"]
[Result "0-1"]
[Round "8"]
[TimeControl "180+1"]
[Date "2023.11.07"]
[WhiteClock "0:00:13"]
[BlackClock "0:00:10"]
[Board "149"]

1. d4 Nf6 2. c4 e6 3. Nf3 d5 4. Nc3 Bb4 5. Qa4+ Nc6 6. Ne5 Bxc3+ 7. bxc3 Ne4 8. Nxc6 bxc6 9. cxd5 Qxd5 10. Qc2 O-O 11. f3 Nf6 12. e4 Qa5 13. Bd2 Rd8 14. Bd3 h6 15. O-O c5 16. c4 Qa3 17. d5 exd5 18. cxd5 c6 19. Be3 cxd5 20. Bxc5 Qa5 21. e5 Nd7 22. Bd6 Re8 23. f4 Ba6 24. Bc7 Qa3 25. Bxa6 Qxa6 26. Bd6 Rac8 27. Qd2 Nb6 28. Kh1 Red8 29. Rfd1 Qb5 30. a4 Qc6 31. a5 Nc4 32. Qxd5 Nxd6 33. exd6 Qxd5 34. Rxd5 Rc6 35. d7 Rc7 36. Rad1 Kf8 37. h4 Ke7 38. Re5+ Kf8 39. Red5 Ke7 40. h5 Rcxd7 41. Rxd7+ Rxd7 42. Re1+ Kf6 43. Re5 Rd4 44. g3 Rd3 45. Kg2 Rd2+ 46. Kh3 Rd6 47. Kg4 a6 48. Rc5 Re6 49. Rc7 Rd6 50. Rb7 Ke6 51. Rb6 Rxb6 52. axb6 Kd6 53. f5 a5 54. f6 gxf6 55. Kf5 a4 56. Kxf6 a3 57. b7 Kc7 58. Kxf7 a2 59. g4 a1=Q 60. g5 hxg5 61. h6 Kxb7 62. h7 g4 63. h8=Q Qxh8 0-1


[Site "https://www.chess.com"]

[Event "Titled Tuesday Blitz November 07 Early 2023"]
[White "Quirke, Jeffrey"]
[Black "Dwilewicz, Katarzyna"]
[WhiteFideId "2013029"]
[BlackFideId "1148486"]
[WhiteElo "2244"]
[BlackElo "2366"]
[Result "1-0"]
[Round "8"]
[TimeControl "180+1"]
[Date "2023.11.07"]
[WhiteClock "0:00:06"]
[BlackClock "0:00:21"]
[Board "150"]

1. e4 d6 2. d4 g6 3. c3 Bg7 4. Bd3 e5 5. Nf3 Ne7 6. h3 O-O 7. O-O f5 8. exf5 gxf5 9. dxe5 dxe5 10. Bc4+ Kh8 11. Ng5 Qe8 12. Qb3 h6 13. Ne6 Bxe6 14. Bxe6 Nbc6 15. Na3 Qg6 16. Nb5 Na5 17. Qa4 Qxe6 18. Nxc7 Qb6 19. Nxa8 Rxa8 20. Be3 Qa6 21. Rfd1 b5 22. Qb4 Nac6 23. Qc5 Qb7 24. Rd6 Rc8 25. Bxh6 Nd4 26. Bxg7+ Kxg7 27. Qxe5+ Kf7 28. Qxd4 Rg8 29. g3 Qf3 30. Re1 Rxg3+ 31. fxg3 Qxg3+ 32. Kf1 Qxh3+ 33. Ke2 Qg2+ 34. Kd1 Qg4+ 35. Qxg4 fxg4 36. Rg1 Nf5 37. Rf1 Ke7 38. Ra6 Ne3+ 39. Ke2 Nxf1 40. Kxf1 1-0


[Site "https://www.chess.com"]

[Event "Titled Tuesday Blitz November 07 Early 2023"]
[White "Rodriguez Dominguez, Melissa"]
[Black "Mayaud, Raphael"]
[WhiteFideId "3517560"]
[BlackFideId "627151"]
[WhiteElo "2239"]
[BlackElo "2349"]
[Result "0-1"]
[Round "8"]
[TimeControl "180+1"]
[Date "2023.11.07"]
[WhiteClock "0:00:00"]
[BlackClock "0:00:14"]
[Board "152"]

1. e4 d5 2. exd5 Qxd5 3. Nf3 Bg4 4. Be2 Nc6 5. d4 O-O-O 6. Be3 e5 7. c4 Qa5+ 8. Bd2 Qa6 9. d5 Bxf3 10. Bxf3 Nd4 11. O-O f5 12. b3 Nf6 13. Nc3 Bb4 14. Nb5 Bxd2 15. Nxd4 Bc3 16. Ne6 Bxa1 17. Nxd8 Rxd8 18. Qxa1 e4 19. Be2 Qd6 20. Rd1 f4 21. f3 Qe7 22. Qd4 c5 23. Qd2 e3 24. Qa5 b6 25. Qa6+ Qb7 26. Qa4 Qd7 27. Qa6+ Qb7 28. Qa4 Kb8 29. Bd3 Qd7 30. Be4 Qxa4 31. bxa4 Kc7 32. Kf1 Kd6 33. Ke2 Re8 34. Bd3 Nd7 35. Rb1 Ne5 36. Bxh7 Rh8 37. Bf5 g6 38. Bh3 Nxc4 39. a5 Rb8 40. axb6 Rxb6 41. Rxb6+ axb6 42. Kd3 Kxd5 43. Bg4 Ne5+ 44. Ke2 Nxg4 45. fxg4 c4 46. h4 c3 47. Kd3 c2 48. Kxc2 Ke4 49. Kd1 Ke5 50. Ke2 Ke4 51. h5 gxh5 52. gxh5 Kf5 53. g4+ Kg5 54. Kf3 b5 55. Ke2 Kh6 56. Kf3 Kg5 57. Ke2 b4 58. Kf3 Kf6 59. Ke2 Ke5 60. Kf3 Kf6 61. Ke2 Ke6 62. Kf3 Ke5 63. Ke2 Ke4 64. h6 f3+ 65. Ke1 Kd3 66. h7 f2+ 67. Kf1 Kd2 68. h8=Q e2+ 69. Kg2 e1=Q 70. Qd8+ Kc2 0-1


[Site "https://www.chess.com"]

[Event "Titled Tuesday Blitz November 07 Early 2023"]
[White "Petrova, Irina"]
[Black "Sarkar, Justin"]
[WhiteFideId "14124122"]
[BlackFideId "2010011"]
[WhiteElo "2314"]
[BlackElo "2222"]
[Result "1-0"]
[Round "8"]
[TimeControl "180+1"]
[Date "2023.11.07"]
[WhiteClock "0:02:13"]
[BlackClock "0:00:00"]
[Board "154"]

1. e4 c5 2. Nf3 Nc6 3. Bb5 g6 4. Bxc6 dxc6 5. d3 Bg7 6. Nc3 b6 7. Be3 e5 8. h3 Ne7 9. Qd2 h6 10. O-O f5 11. exf5 gxf5 12. Qe2 O-O 13. Bd2 Ng6 14. Nh2 Bd7 15. Rae1 Nf4 16. Bxf4 exf4 17. Qf3 Qf6 18. Qxf4 Rae8 19. Nf3 Rxe1 20. Rxe1 Re8 21. Rxe8+ Bxe8 22. Nd1 Qe6 23. Ne3 Bg6 24. Nh4 Bf7 25. Nhxf5 1-0


[Site "https://www.chess.com"]

[Event "Titled Tuesday Blitz November 07 Early 2023"]
[White "Ardila, Oscar Humberto"]
[Black "Gaikwad, Siddhant"]
[WhiteFideId "4404742"]
[BlackFideId "25010239"]
[WhiteElo "2313"]
[BlackElo "2210"]
[Result "1-0"]
[Round "8"]
[TimeControl "180+1"]
[Date "2023.11.07"]
[WhiteClock "0:00:21"]
[BlackClock "0:00:00"]
[Board "155"]

1. d4 Nf6 2. c4 g6 3. Nc3 d5 4. cxd5 Nxd5 5. e4 Nxc3 6. bxc3 Bg7 7. Bc4 c5 8. Ne2 Nc6 9. Be3 O-O 10. O-O Bg4 11. f3 Bd7 12. Qd2 Rc8 13. Rac1 Qa5 14. Rfd1 cxd4 15. cxd4 Qxd2 16. Rxd2 Na5 17. Rdc2 Nxc4 18. Rxc4 Rxc4 19. Rxc4 Bb5 20. Rc2 Bxe2 21. Rxe2 Rc8 22. Rb2 b6 23. Kf2 Rc4 24. Rd2 f5 25. Ke2 Kf7 26. Kd3 Ra4 27. Bf2 b5 28. Rb2 a6 29. g4 Ke6 30. d5+ Kd6 31. Bg3+ Be5 32. gxf5 gxf5 33. Rc2 f4 34. Bf2 Ra3+ 35. Ke2 Kd7 36. Bc5 Ra4 37. Bb6 Ra3 38. h4 a5 39. Bc5 b4 40. h5 Bd6 41. Bd4 e5 42. dxe6+ Kxe6 43. h6 a4 44. Kf2 b3 45. axb3 axb3 46. Rc6 Ra2+ 47. Kg1 b2 48. Bxb2 Rxb2 49. Ra6 Ke5 50. Ra5+ Kf6 51. Rd5 Be5 52. Rd7 Kg6 53. Re7 Bd4+ 54. Kh1 Kxh6 55. Rf7 Kg5 56. Rf5+ Kg6 57. Rxf4 Rb1+ 58. Kg2 Rg1+ 59. Kh3 Be5 60. Rf5 Rh1+ 61. Kg2 Rh2+ 62. Kg1 Re2 63. Rxe5 h5 64. Rd5 Kf6 65. Kf1 Rb2 66. Rxh5 Kg6 67. Rf5 1-0


[Site "https://www.chess.com"]